AoeStats
← BigOleChunguss

Pilgrims

510202545Analyzed
2v2 RM · 2d ago on Sep 29, 2026· 83m 32s· 4 players
Game mode
Random Map
Map size
Medium (4 player)
Population
200
Speed
Normal
Resources
Standard
Victory
Conquest
Starting age
Dark Age
Ending age
Imperial Age
RankedLock teamsTeams togetherTeam positionsShared explorationLock speedFull tech treeHidden civsTurbo modeCheats
Victory
Defeat
🇵🇹 Dravidians · Portugal
1099
+14
🇨🇭 Varangians · Switzerland
1093
+15
🇺🇸 Armenians · United States
1081
-15
🇲🇽 Japanese · Mexico
1053
-14
BigOleChunguss
6:47 Loom
11:26 Feudal Age
13:08 Fletching
15:03 Wheelbarrow
21:32 Castle Age
24:25 Double-Bit Axe
25:30 Scale Barding Armor
25:13 Demolition Ship
26:07 Medium Warships
27:19 Chain Barding Armor
31:33 Treadmill Crane
32:18 Bodkin Arrow
35:30 Imperial Age
34:00 Bodkin Arrow
36:06 Hand Cart
38:34 Elite Composite Bowman
39:18 Bracer
39:19 Padded Archer Armor
39:45 Ballistics
41:34 Chemistry
44:04 Gold Mining
46:21 Hoardings
48:20 Gold Shaft Mining
52:11 Masonry
53:48 Siphons
53:57 Clinker Construction
53:59 Careening
54:33 Heavy Warships
55:26 Incendiaries
55:42 Carvel Hull
56:31 Dry Dock
67:30 Leather Archer Armor
66:55 Elite Skirmisher
68:13 Fishing Lines
69:29 Ring Archer Armor
72:22 Conscription
77:56 Gillnets
ElVampi
9:57 Feudal Age
9:13 Loom
10:40 Fishing Lines
11:52 Man-at-Arms
13:59 Arson
15:03 Wheelbarrow
21:10 Scale Mail Armor
23:30 Castle Age
23:21 Town Watch
23:45 Double-Bit Axe
23:50 Horse Collar
24:35 Pikeman
25:15 Squires
25:32 Heavy Plow
25:48 Forging
26:20 Hand Cart
27:05 Chain Mail Armor
26:41 Fletching
28:56 Gold Mining
29:49 Bow Saw
29:10 Demolition Ship
30:27 Medium Warships
32:02 Careening
32:43 Bodkin Arrow
35:50 Ballistics
40:22 Imperial Age
40:06 Yasama
40:10 Stone Mining
40:59 Gold Shaft Mining
40:43 Murder Holes
40:40 Guard Tower
41:44 Conscription
41:33 Bracer
44:05 Chemistry
43:38 Masonry
43:13 Treadmill Crane
43:45 Masonry
45:25 Two-Man Saw
44:52 Halberdier
48:54 Plate Mail Armor
54:18 Iron Casting
56:16 Siege Engineers
58:24 Keep
58:55 Elite Skirmisher
60:02 Padded Archer Armor
61:34 Thumb Ring
61:48 Leather Archer Armor
64:31 Ring Archer Armor
82:01 Caravan
FreakinAndry
10:31 Loom
12:44 Feudal Age
14:37 Bloodlines
15:26 Double-Bit Axe
18:20 Castle Age
16:20 Fishing Lines
16:31 Fletching
17:28 Forging
19:11 Medium Warships
19:54 Bodkin Arrow
21:05 Husbandry
24:04 Gillnets
25:44 Gold Mining
27:22 Ballistics
28:57 Clinker Construction
32:43 Wheelbarrow
35:12 Hand Cart
39:54 Iron Casting
39:25 Scale Barding Armor
40:16 Vendel Legacy
42:35 Chain Barding Armor
45:51 Imperial Age
46:03 Cavalier
49:43 Blast Furnace
65:17 Light Cavalry
66:39 Caravan
70:18 Conscription
70:34 Hussar
wiiz
7:08 Loom
10:37 Feudal Age
13:38 Fishing Lines
14:01 Double-Bit Axe
15:31 Scale Mail Armor
20:34 Castle Age
21:54 Horse Collar
24:42 Bow Saw
26:41 Wheelbarrow
26:49 Gillnets
27:57 Medium Warships
29:10 Chain Mail Armor
30:24 Heavy Plow
31:54 Chain Mail Armor
35:29 Forging
37:32 Stone Mining
37:33 Gold Mining
38:22 Hand Cart
37:52 Town Watch
43:11 Imperial Age
43:13 Fletching
43:34 Masonry
44:11 Padded Archer Armor
44:06 Bodkin Arrow
45:13 Chemistry
44:34 Ballistics
43:50 Elite Elephant Archer
45:53 Two-Man Saw
46:26 Bracer
47:50 Leather Archer Armor
50:59 Husbandry
58:29 Thumb Ring
58:55 Ring Archer Armor
58:23 Murder Holes
59:04 Scale Barding Armor
58:21 Light Cavalry
59:38 Iron Casting
61:37 Chain Barding Armor
67:26 Caravan
70:07 Conscription
69:55 Medical Corps
72:33 Blast Furnace
Connection lost

Rejoining the realm…

Still unreachable

The connection could not be restored.

Session expired

The server has moved on; the page needs a fresh start.